 Dungeon Crawl Stone Soup version 0.29-a0-775-g4d7333d4e2 (webtiles) character file.

Game seed: 4120162460942804951

12575 avis the Skirmisher (level 11, -2/92 HPs)
             Began as a Demigod Ice Elementalist on July 1, 2022.
             Slain by a komodo dragon (22 damage)
             ... on level 3 of the Lair of Beasts.
             The game lasted 01:29:48 (14359 turns).

avis the Skirmisher (Demigod Ice Elementalist)     Turns: 14359, Time: 01:29:49

Health: -2/92      AC: 17    Str:  9    XL:     11   Next: 38%
Magic:  19/22      EV: 13    Int: 17    God:
Gold:   294        SH:  0    Dex: 26    Spells: 13/20 levels left

rFire   x . .      SeeInvis .   a - +2 long sword (flame)
rCold   + . .      Faith    .   (no shield)
rNeg    + . .      Spirit   .   N - +0 swamp dragon scales
rPois   +          Reflect  .   o - +1 helmet
rElec   .          Harm     .   M - +0 cloak
rCorr   .          Rampage  .   i - +0 pair of gloves
Will    +....                   R - +1 pair of boots
Stlth   +++.......              F - amulet of regeneration
HPRegen 1.05/turn               c - ring of positive energy
MPRegen 0.18/turn               L - ring of ice

@: ice-armoured
A: high MP 1, forlorn, divine attributes
a: no special abilities


You were on level 3 of the Lair of Beasts.
You visited 3 branches of the dungeon, and saw 12 of its levels.
You also visited: Sewer.

You collected 613 gold pieces.
You spent 319 gold pieces at shops.

Inventory:

Hand Weapons
 a - a +2 long sword of flaming (weapon)
 b - a +0 shortbow
 s - a +2 falchion of freezing
Armour
 i - a +0 pair of gloves (worn)
 o - a +1 helmet (worn)
 M - a +0 cloak (worn)
 N - +0 swamp dragon scales (worn)
 R - a +1 pair of boots (worn)
Magical Staves
 e - a staff of poison
Jewellery
 c - a ring of positive energy (left hand)
 d - a +6 ring of dexterity
 F - an amulet of regeneration (around neck)
 L - a ring of ice (right hand)
Wands
 I - a wand of flame (15)
 K - a wand of iceblast (11)
 T - a wand of digging (5)
Scrolls
 f - a scroll of summoning {unknown}
 g - 8 scrolls of magic mapping
 j - 8 scrolls of teleportation
 l - a scroll of poison {unknown}
 m - a scroll of identify
 n - a scroll of torment {unknown}
 p - 2 scrolls of blinking
 t - a scroll of silence {unknown}
 z - a scroll of fog {unknown}
 B - 2 scrolls of fear {unknown}
 E - 2 scrolls of vulnerability {unknown}
 Q - a scroll of acquirement {unknown}
Potions
 h - 3 potions of curing
 k - 4 potions of lignification
 q - 3 potions of brilliance
 r - 3 potions of flight
 v - a potion of might
 w - a potion of magic
 x - 3 potions of heal wounds
 y - 2 potions of haste
 G - a potion of ambrosia


   Skills:
 - Level 7.0 Fighting
 - Level 8.0 Long Blades
 * Level 9.1 Ranged Weapons
 - Level 5.0 Dodging
 - Level 5.0 Stealth
 - Level 5.0 Spellcasting
 - Level 7.0 Ice Magic


You had 13 spell levels left.
You knew the following spells:

 Your Spells              Type           Power      Damage    Failure   Level
a - Freeze                Ice            100%       1d11      2%          1
o - Ozocubu's Armour      Ice            42%        N/A       7%          3
r - Frozen Ramparts       Ice            84%        1d10      7%          3

Your spell library contained the following spells:

 Spells                   Type           Power      Damage    Failure   Level
 Apportation              Tloc           8%         N/A       36%         1
 Magic Dart               Conj           16%        1d3       36%         1
 Call Imp                 Summ           4%         N/A       52%         2
 Poisonous Vapours        Pois/Air       8%         N/A       52%         2
 Sublimation of Blood     Necr           4%         N/A       52%         2
 Wereblood                Tmut           4%         N/A       52%         2
 Hailstorm                Conj/Ice       24%        3d7       67%         4
 Gell's Gravitas          Tloc           4%         N/A       75%         3
 Mephitic Cloud           Conj/Pois/Air  4%         N/A       75%         3
 Teleport Other           Tloc           4%         N/A       75%         3
 Corpse Rot               Necr/Pois/Air  4%         N/A       98%         4
 Dispel Undead            Necr           4%         3d7       98%         4
 Alistair's Intoxication  Tmut/Pois      2%         N/A       100%        5
 Death Channel            Necr           2%         N/A       100%        6
 Dispersal                Tloc           2%         N/A       100%        6
 Summon Hydra             Summ           2%         N/A       100%        7


Dungeon Overview and Level Annotations

Branches:
Dungeon (8/15)             Temple (1/1) D:7            Lair (3/6) D:8
 Spider (0/4) Lair:2        Sewer (visited)
  Swamp: Lair:2-4    Shoals: Lair:2-4

Shops:
D:1 :   D:4 *=![[   D:8 *

Annotations:
D:2 exclusion: necrophage
D:6 3 runed translucent doors, samgaumpmail's ghost, novice OpTm
D:7 3 runed translucent doors, zhov's ghost, novice MiFi
D:8 4 transporters


Innate Abilities, Weirdness & Mutations

You have an increased reservoir of magic. (+10% MP)
You shall have no god before yourself.
Your divine heritage dramatically boosts your attributes as you level up.


Message History

* * * LOW HITPOINT WARNING * * *
You slash the cane toad! You burn the cane toad.
You kill the cane toad!
Your Ranged Weapons skill increases to level 9!
You hit the water moccasin. You burn the water moccasin.
The water moccasin is moderately wounded.
The water moccasin bites you but does no damage.
The water moccasin bites you.
* * * LOW HITPOINT WARNING * * *
You slash the water moccasin! You burn the water moccasin!
You kill the water moccasin!
You completely miss the komodo dragon.
The komodo dragon is lightly wounded.
You hear the faint crackling of a distant melting archway.
The komodo dragon barely misses you.
You barely miss the komodo dragon.
The komodo dragon is lightly wounded.
The komodo dragon bites you.
* * * LOW HITPOINT WARNING * * *
You hit the komodo dragon. You burn the komodo dragon.
The komodo dragon is moderately wounded.
The komodo dragon closely misses you.
You hit the komodo dragon. You burn the komodo dragon.
The komodo dragon is moderately wounded.
The komodo dragon closely misses you.
You barely miss the komodo dragon.
The komodo dragon is moderately wounded.
The komodo dragon bites you.
* * * LOW HITPOINT WARNING * * *
You slash the komodo dragon! You burn the komodo dragon.
The komodo dragon is heavily wounded.
The komodo dragon misses you.
You barely miss the komodo dragon.
The komodo dragon is heavily wounded.
The komodo dragon bites you.
* * * LOW HITPOINT WARNING * * *
You slash the komodo dragon! You burn the komodo dragon.
The komodo dragon is severely wounded.
The komodo dragon bites you!!
You die...

*,,,*...,,*##.....#*#,^,,,**,,
*,,*,#..#*,#.#....,.,,#**,,*,,
***,,,.....,#.....#.#,..,,,,,,,
*,,,*,,,8..,+.#.8.#.+...8,,,,,,
**,,,,,,,...#.#......)..,,.,,,,
*,**,**,,#.#.FS....#,,**..,,,,
*****,,,,,#.#.l...###,,...,***
**,***#.l##+###.##....,,,,
**,*#..#@...##.....(.,*,,
**,##.#............l,*,,
***###8.<.8........,,,*
***,*#.....#.......,,**
**,,,*##.8.##.......,,,*
*,,<,,,#.###*...S...,,*,
**,>,,...(***#...#..,,,*
********,*...#.#*,,*l.##*#*,,,
*,,,,*,,,.......,,,,.## *,,,,


You could see a komodo dragon.

Vanquished Creatures
  A hydra (Lair:2)
  Pikel (D:7)
  Maurice (D:8)
  4 cane toads
  Maggie (D:7)
  A rime drake (Lair:2)
  A komodo dragon (Lair:1)
  5 blink frogs (Lair:2)
  2 culicivoras (Lair:2)
  A wyvern (Lair:3)
  12 yaks
  4 redbacks (Lair:2)
  Edmund (D:4)
  10 water moccasins
  A sky beast (D:8)
  2 orc warriors
  2 ice beasts
  2 black bears
  2 ogres
  11 wolves
  A centaur (D:8)
  2 phantoms
  Blork the orc (D:3)
  A gnoll sergeant (D:7)
  A necrophage (D:7)
  11 bullfrogs
  2 scorpions
  5 wights (D:8)
  3 killer bees (D:7)
  A jelly (D:8)
  A quasit (D:7)
  2 orc priests
  11 hounds
  An iron imp (D:7)
  Terence (D:3)
  A hell rat (Sewer)
  4 iguanas
  Natasha (thrice) (D:4)
  10 orc wizards
  9 gnolls
  10 adders
  3 river rats
  2 shadow imps (D:7)
  2 white imps (D:7)
  3 ufetubi (D:7)
  2 worms
  3 dart slugs
  19 orcs
  3 bats
  5 endoplasms
  3 giant cockroaches
  4 goblins
  6 hobgoblins
  6 jackals
  5 kobolds
  5 ball pythons
  3 frilled lizards
  6 rats
  A butterfly (D:4)
227 creatures vanquished.

Vanquished Creatures (others)
  13 fungi
  17 plants
30 creatures vanquished.

Grand Total: 257 creatures vanquished

Notes
Turn   | Place    | Note
-------+----------+-------------------------------------------
     0 | D:1      | avis the Demigod Ice Elementalist began the quest for the
                  | Orb.
     0 | D:1      | Reached XP level 1. HP: 14/14 MP: 5/5
    45 | D:1      | Reached skill level 1 in Fighting
   628 | D:1      | Reached XP level 2. HP: 23/23 MP: 4/7
   668 | D:1      | Found Adeg's Book Shop.
  1223 | D:2      | Noticed a necrophage
  1706 | D:3      | Reached XP level 3. HP: 29/29 MP: 8/8
  2175 | D:3      | Noticed Terence
  2197 | D:2      | Reached XP level 4. HP: 11/36 MP: 6/11
  2408 | D:2      | Learned a level 3 spell: Ozocubu's Armour
  2412 | D:2      | Learned a level 3 spell: Frozen Ramparts
  2467 | D:3      | Killed Terence
  2468 | D:3      | Reached XP level 5. HP: 29/45 MP: 0/12
  3240 | D:4      | Noticed Blork the orc
  3240 | D:4      | Found Oqouklo's Armour Boutique.
  3285 | D:3      | Killed Blork the orc
  3387 | D:4      | Noticed Edmund
  3520 | D:4      | Found a glowing drain.
  3535 | D:4      | Reached XP level 6. HP: 44/51 MP: 9/15
  3537 | Sewer    | Entered a sewer
  3754 | D:4      | Found Icra's Distillery.
  3760 | D:4      | Reached skill level 5 in Ice Magic
  3925 | D:4      | Noticed Natasha
  3935 | D:4      | Bought a potion of degeneration for 13 gold pieces
  3935 | D:4      | Bought a potion of curing for 39 gold pieces
  3935 | D:4      | Bought a potion of heal wounds for 65 gold pieces
  3935 | D:4      | Bought a potion of attraction for 39 gold pieces
  3966 | D:4      | Killed Natasha
  4258 | D:4      | Noticed Natasha
  4266 | D:4      | Killed Natasha
  4317 | D:4      | Found Koeteah's Jewellery Shoppe.
  4330 | D:4      | Found Ziawat's Armour Shop.
  4348 | D:4      | Reached XP level 7. HP: 55/59 MP: 10/16
  4584 | D:4      | Found Uczotytu's General Store.
  4598 | D:4      | Noticed Natasha
  5077 | D:4      | Killed Edmund
  5265 | D:4      | Killed Natasha
  5409 | D:5      | Entered Level 5 of the Dungeon
  5476 | D:5      | Reached skill level 5 in Fighting
  6025 | D:5      | Reached XP level 8. HP: 50/69 MP: 11/17
  7184 | D:6      | Found a runed translucent gate.
  7765 | D:6      | Found a runed translucent gate.
  7766 | D:6      | Found a runed translucent gate.
  7767 | D:6      | Noticed samgaumpmail's ghost (novice OpTm)
  7768 | D:6      | Noticed a deep elf pyromancer
  8548 | D:7      | Reached skill level 5 in Spellcasting
  9016 | D:7      | Reached XP level 9. HP: 54/75 MP: 8/20
  9471 | D:7      | Noticed Maggie
  9492 | D:7      | Killed Maggie
  9493 | D:7      | Reached skill level 5 in Dodging
  9653 | D:7      | Noticed zhov's ghost (novice MiFi)
  9660 | D:7      | Found a runed translucent gate.
  9660 | D:7      | Found a runed translucent gate.
  9663 | D:7      | Found a runed translucent gate.
  9663 | D:7      | Noticed a manticore
  9881 | D:7      | Found a staircase to the Ecumenical Temple.
  9890 | Temple   | Entered the Ecumenical Temple
 10290 | D:7      | Reached skill level 5 in Stealth
 10358 | D:8      | Noticed Pikel
 10447 | D:7      | Killed Pikel
 10448 | D:7      | Reached skill level 5 in Long Blades
 10638 | D:8      | Found Mathoggu's Assorted Antiques.
 10650 | D:8      | Reached XP level 10. HP: 81/86 MP: 19/21
 10666 | D:8      | Bought a sling for 48 gold pieces
 10682 | D:8      | Found a transporter.
 10682 | D:8      | Found a transporter.
 10687 | D:8      | Found a transporter.
 10689 | D:8      | Found a transporter.
 10797 | D:8      | Noticed Maurice
 10827 | D:8      | Killed Maurice
 10828 | D:8      | Reached skill level 1 in Ranged Weapons
 10935 | D:8      | Reached skill level 2 in Ranged Weapons
 10989 | D:8      | Reached skill level 3 in Ranged Weapons
 11175 | D:8      | Reached skill level 4 in Ranged Weapons
 11263 | D:8      | Found a staircase to the Lair.
 11439 | D:4      | Bought a +1 pair of boots for 115 gold pieces
 11725 | Lair:1   | Entered Level 1 of the Lair of Beasts
 11742 | Lair:1   | Reached skill level 5 in Ranged Weapons
 12703 | Lair:2   | Reached skill level 6 in Ranged Weapons
 12837 | Lair:2   | Found a hole to the Spider Nest.
 13120 | Lair:2   | Reached XP level 11. HP: 92/92 MP: 19/22
 13419 | Lair:2   | Reached skill level 7 in Ranged Weapons
 13544 | Lair:2   | Noticed an eight-headed hydra
 13558 | Lair:2   | Killed an eight-headed hydra
 13559 | Lair:2   | Reached skill level 8 in Ranged Weapons
 14350 | Lair:3   | Reached skill level 9 in Ranged Weapons
 14359 | Lair:3   | Slain by a komodo dragon

Illustrated notes

Levels and vault maps discovered:
D:1:      grunt_arrival_lava_bath, layout_rooms,
          shapermc_ecumenical_altar_mp_highgroup, serial_shops,
          nicolae_shop_hallway_plus, chequers_serial_rivers_micro_b,
          serial_park_tiny_2, hex_medium
D:2:      layout_loops_cross, basic_altar, uniq_crazy_yiuf_cottage
D:3:      layout_rooms, uniq_terence
D:4:      layout_basic, nicolae_elyvilon_peaceful_grove, lemuel_doored_altar,
          serial_shops, shop, nicolae_stop_n_shop_1, shop_fountains, shop, shop,
          cheibrodos_sewer_entry_sluice, grunt_ministairs_1, kennysheep_diamond,
          uniq_edmund, uniq_natasha, uniq_blork_the_orc
D:5:      layout_layer_cave
D:6:      minmay_evil_eye, layout_loops_cross,
          mainiacjoe_overflow_surrounded_room, ebering_ghost_gozag
D:7:      layout_basic, slow_altar_2, minmay_temple_entry_antechambers,
          serial_demonic, serial_demonic_f, serial_demonic_b, serial_demonic_e,
          serial_demonic_a, gammafunk_ghost_split, uniq_maggie
D:8:      layout_rooms, okawaru_trees_2, grunt_lair_entry_orc_guard_hut,
          serial_shops, shop, nicolae_diode_quadrants, uniq_pikel, uniq_maurice
Temple:   cyrus_circular_temple
Lair:1:   layout_loops_ring, grunt_megastairs_3
Lair:2:   beast_lair_carwin_large_3, layout_long_grid,
          nicolae_spider_entry_tight_spaces
Lair:3:   layout_misc_corridors, portal_ice_cave_entry_imps,
          chequers_serial_rivers_micro_e, grunt_megastairs_1

Skill      XL: |  1  2  3  4  5  6  7  8  9 10 11 |
---------------+----------------------------------+-----
Fighting       | 1 2 3 4 5 6 7 |  7.0
Spellcasting   | 2 3 4 5 |  5.0
Ice Magic      | 4 5 7 |  7.0
Stealth        | 4 5 |  5.0
Dodging        | 4 5 |  5.0
Long Blades    | 5 7 8 |  8.0
Ranged Weapons | 6 9 |  9.1

Action                   |  1- 3 |  4- 6 |  7- 9 | 10-12 || total
-------------------------+-------+-------+-------+-------++-------
Melee: Unarmed           |     6 |       |       |       ||     6
       Short sword       |    14 |    28 |    21 |       ||    63
       Punch             |       |     1 |     1 |     2 ||     4
       Dire flail        |       |       |    81 |       ||    81
       Mace              |       |       |    43 |       ||    43
       Long sword        |       |       |    80 |   200 ||   280
 Fire: Shortbow          |       |       |       |   229 ||   229
       Sling             |       |       |       |    17 ||    17
Throw: Boomerang         |       |       |     2 |       ||     2
 Cast: Freeze            |    52 |   118 |   122 |    20 ||   312
       Ozocubu's Armour  |       |    12 |    39 |    30 ||    81
  Use: Scroll            |       |     2 |       |    11 ||    13
       Potion            |       |       |     8 |     1 ||     9
 Stab: Sleeping          |     6 |     2 |     6 |       ||    14
Armor: Robe              |    15 |    63 |   156 |       ||   234
       Swamp dragon scal |       |       |    85 |   136 ||   221
Dodge: Dodged            |    35 |    82 |   371 |   191 ||   679

Table legend: (Time is in decaauts)
 A = Elapsed time spent in this place.
 B = Non-inter-level travel time spent in this place.
 C = Inter-level travel time spent in this place.
 D = Time resting spent in this place.
 E = Time spent auto-exploring this place.
 F = Levels seen in this place.
 G = Mean time per level.
                   A        B        C        D        E       F      G
               +--------+--------+--------+--------+--------+-----+--------+
         Total |  14525 |  13284 |   1241 |   4560 |   5499 |  13 | 1117.3 |
       Dungeon |  11747 |  10658 |   1089 |   4211 |   4163 |   8 | 1468.4 |
        Temple |     29 |     26 |      3 |      0 |      0 |   1 |   29.0 |
          Lair |   2560 |   2412 |    148 |    265 |   1336 |   3 |  853.3 |
         Sewer |    187 |    187 |      0 |     84 |      0 |   1 |  187.0 |
               +--------+--------+--------+--------+--------+-----+--------+

Top non-repeatable levels by time:
     D:7: 2070 daAuts
     D:4: 2038 daAuts
     D:5: 1785 daAuts
  Lair:2: 1630 daAuts
     D:6: 1476 daAuts
     D:3: 1391 daAuts
     D:2: 1221 daAuts
     D:8: 959 daAuts
  Lair:1: 874 daAuts
     D:1: 804 daAuts
   Sewer: 187 daAuts
  Lair:3: 56 daAuts
  Temple: 29 daAuts
